 Dungeon Crawl Stone Soup version 0.28-a0-206-gc2c9e32840 (webtiles) character file.

Game seed: 14974183484658552314

2227 Spaninq the Destroyer (level 9, -7/62 HPs)
             Began as a White Draconian Hedge Wizard on Aug 20, 2021.
             Was a Follower of Vehumet.
             Mangled by a water moccasin (8 damage)
             ... on level 7 of the Dungeon on Aug 21, 2021.
             The game lasted 00:32:57 (9889 turns).

Spaninq the Destroyer (DrWz)                        Turns: 9889, Time: 00:32:57

Health: -7/62      AC:  7    Str: 19    XL:     9   Next: 14%
Magic:  18/18      EV: 12    Int: 18    God:    Vehumet [*.....]
Gold:   274        SH:  0    Dex: 16    Spells: 13/20 levels left

rFire   . . .      SeeInvis .   r - +1 dagger (vamp)
rCold   + . .      Faith    .   (no shield)
rNeg    . . .      Spirit   .   (armour unavailable)
rPois   .          Reflect  .   b - +0 hat
rElec   .          Harm     .   (no cloak)
rCorr   .          Rampage  .   (no gloves)
Will    .....                   (no boots)
Stlth   ++........              h - amulet of regeneration
HPRegen 1.20/turn               e - +6 ring of dexterity
MPRegen 0.16/turn               a - +6 ring of strength

@: lethally poisoned (-7 -> -8), short of breath
A: breathe frost, AC +7, unfitting armour, cold resistance 1, cold-blooded
a: Breathe Frost, Renounce Religion


You were on level 7 of the Dungeon.
You worshipped Vehumet.
Vehumet was aware of your devotion.
You visited 2 branches of the dungeon, and saw 8 of its levels.

You collected 274 gold pieces.

Inventory:

Hand Weapons
 r - a +1 vampiric dagger (weapon)
Missiles
 p - 106 stones
Armour
 b - a +0 hat (worn)
Jewellery
 a - a +6 ring of strength (right hand)
 e - a +6 ring of dexterity (left hand)
 h - an amulet of regeneration (around neck)
 q - a ring of ice
Wands
 m - a wand of iceblast (7)
 s - a wand of acid (8)
Scrolls
 d - a scroll of magic mapping {unknown}
 i - a scroll of identify
 j - a scroll of fog
 u - a scroll of teleportation {unknown}
Potions
 c - a potion of might
 f - a potion of haste
 g - a potion of invisibility {unknown}
 k - a potion of curing
 l - a potion of brilliance {unknown}
 n - a potion of resistance {unknown}
 o - a potion of heal wounds {unknown}
 v - a potion of flight {unknown}


   Skills:
 - Level 1.7 Dodging
 - Level 1.7 Stealth
 + Level 6.0 Spellcasting
 - Level 8.0 Conjurations
 - Level 1.0 Summonings
 - Level 1.0 Translocations
 - Level 6.4 Air Magic
 * Level 0.8 Earth Magic
 - Level 2.5 Poison Magic


You had 13 spell levels left.
You knew the following spells:

 Your Spells              Type           Power      Damage    Failure   Level
a - Magic Dart            Conj           100%       1d8       1%          1
b - Blink                 Tloc           N/A        N/A       12%         2
c - Mephitic Cloud        Conj/Pois/Air  25%        N/A       3%          3
d - Sandblast             Erth           16%        2d6       9%          1

Your spell library contained the following spells:

 Spells                   Type           Power      Damage    Failure   Level
 Poisonous Vapours        Pois/Air       42%        N/A       3%          2
 Corpse Rot               Necr/Air       N/A        N/A       4%          2
 Conjure Flame            Conj/Fire      19%        6-21      7%          3
 Call Imp                 Summ           9%         N/A       12%         2
 Slow                     Hex            5%         N/A       19%         2
 Call Canine Familiar     Summ           9%         N/A       24%         3
 Portal Projectile        Hex/Tloc       14%        N/A       28%         3
 Inner Flame              Hex/Fire       5%         N/A       34%         3
 Freezing Cloud           Conj/Ice/Air   11%        6-21      43%         5
 Leda's Liquefaction      Hex/Erth       3%         N/A       71%         4
 Cause Fear               Hex            2%         N/A       75%         4
 Discord                  Hex            2%         N/A       100%        8


Dungeon Overview and Level Annotations

Branches:
Dungeon (7/15)             Temple (1/1) D:4

Altars:
Ashenzari
Cheibriados
Dithmenos
Elyvilon
Fedhas
Gozag
Hepliaklqana
Kikubaaqudgha
Makhleb
Nemelex Xobeh
Okawaru
Qazlal
Sif Muna
Trog
Vehumet
Wu Jian
Xom
Yredelemnul
Zin
The Shining One

Annotations:
D:6 1 runed translucent door, jejorda2's ghost, novice HOMo
D:7 3 runed translucent doors, Supercliff's ghost, novice DECj


Innate Abilities, Weirdness & Mutations

You can breathe waves of freezing cold which knock back foes.
Your icy white scales are hard. (AC +7)
You cannot fit into any form of body armour.
Your flesh is cold resistant. (rC+)
You are cold-blooded and may be slowed by cold attacks.


Message History

The water moccasin closely misses you.
You feel sick.
You feel sick.
You feel sick. The water moccasin closely misses you.
You feel sick.
You feel sick. The water moccasin bites you.
You feel sick.
You feel sick.
You feel sick.
The water moccasin completely misses you.
You feel sick.
You are no longer poisoned.
The orc priest mumbles some strange prayers to Beogh against you.
Beogh smites you!
* * * LOW HITPOINT WARNING * * *
The water moccasin bites you but does no damage.
The water moccasin bites you but does no damage.
The water moccasin bites you but does no damage.
The water moccasin bites you.
You are poisoned.
The water moccasin poisons you!
You feel very sick.
You feel very sick.
You feel very sick. The water moccasin bites you.
* * * LOW HITPOINT WARNING * * *
You are lethally poisoned!
The water moccasin poisons you!
* * * LOW HITPOINT WARNING * * *
You feel very sick.
* * * LOW HITPOINT WARNING * * *
You feel very sick.
The water moccasin bites you but does no damage.
* * * LOW HITPOINT WARNING * * *
You feel very sick.
There is a stone staircase leading up here.
* * * LOW HITPOINT WARNING * * *
You feel very sick. The water moccasin bites you!
You die...

...#.....# #)..#.#
#o##.#...####.#...#
o..#........#...###
#o.##.#..##.###.###
...##....#..# #...#
..#####..#.####.#.###
......#....# #......#
....#.#...## #...##.#
###.#.#...# #..@.#)#
......o...## #.S..#.#
###........###....#.#
#......o........#.###
#...####.####.###...#
###...# ##..# #.# ###.#
#.....###...###.# #...#
.......##.#...#.###.###
....................#


You could see a water moccasin.

Vanquished Creatures
  Maggie (D:7)
  Sigmund (D:2)
  A black bear (D:5)
  2 ogres
  A necrophage (D:6)
  2 centaurs
  2 bullfrogs
  A wyvern zombie (D:5)
  2 water moccasin skeletons (D:5)
  2 vampire bats (D:3)
  2 howler monkeys
  A bullfrog zombie (D:6)
  A centaur zombie (D:5)
  2 bullfrog skeletons
  4 hounds
  An orc priest (D:4)
  A jelly (D:6)
  2 centaur skeletons
  Terence (D:2)
  3 iguanas
  A scorpion zombie (D:5)
  2 orc wizards (D:4)
  A killer bee zombie (D:5)
  5 hound zombies (D:5)
  A hound skeleton (D:5)
  A howler monkey zombie (D:7)
  A howler monkey skeleton (D:7)
  11 adders
  An adder skeleton (D:4)
  4 worms
  A dart slug (D:1)
  10 orcs
  3 bat skeletons (D:3)
  3 bat zombies (D:3)
  14 endoplasms
  3 giant cockroaches
  5 goblins
  6 hobgoblins
  2 jackals (D:4)
  3 kobolds
  6 quokkas
  4 ball pythons
  4 bats
  6 frilled lizards
  6 rats
137 creatures vanquished.

Vanquished Creatures (others)
  An orc wizard (D:5)
  An orc (D:6)
  4 withered plants (D:5)
6 creatures vanquished.

Grand Total: 143 creatures vanquished

Notes
Turn   | Place    | Note
-------+----------+-------------------------------------------
     0 | D:1      | Spaninq the Draconian Hedge Wizard began the quest for the
                  | Orb.
     0 | D:1      | Reached XP level 1. HP: 14/14 MP: 4/4
     6 | D:1      | Noticed a wolf
     6 | D:1      | Noticed a salamander
     7 | D:1      | Noticed a black bear
     7 | D:1      | Noticed a swamp worm
   458 | D:1      | Reached XP level 2. HP: 14/20 MP: 0/6
   698 | D:1      | Reached skill level 2 in Conjurations
   740 | D:1      | Found a faded altar of an unknown god.
  1644 | D:2      | Noticed Sigmund
  1740 | D:2      | Reached XP level 3. HP: 26/26 MP: 0/7
  1743 | D:2      | Learned a level 2 spell: Blink
  1870 | D:2      | Noticed Terence
  2499 | D:3      | Reached skill level 3 in Conjurations
  2602 | D:3      | Reached XP level 4. HP: 33/33 MP: 1/9
  2693 | D:3      | Learned a level 3 spell: Mephitic Cloud
  3415 | D:3      | Found an ancient bone altar of Kikubaaqudgha.
  3419 | D:3      | Reached skill level 1 in Poison Magic
  3419 | D:3      | Reached XP level 5. HP: 38/38 MP: 6/10
  3455 | D:3      | Reached skill level 4 in Conjurations
  3455 | D:3      | Reached skill level 1 in Air Magic
  4074 | D:4      | Found a staircase to the Ecumenical Temple.
  4092 | Temple   | Entered the Ecumenical Temple
  4433 | D:4      | Reached XP level 6. HP: 45/45 MP: 5/12
  5124 | D:3      | Reached skill level 5 in Conjurations
  5538 | D:4      | Your scales start taking on an icy white colour.
  5538 | D:4      | Reached XP level 7. HP: 50/50 MP: 6/13
  5538 | D:4      | Gained mutation: Your flesh is cold resistant. (rC+) [White
                  | Draconian growth]
  5579 | D:2      | Killed Sigmund
  6053 | Temple   | Became a worshipper of Vehumet
  6087 | D:5      | Entered Level 5 of the Dungeon
  6190 | D:5      | Reached skill level 6 in Conjurations
  6342 | D:5      | Reached skill level 5 in Spellcasting
  6342 | D:5      | Reached XP level 8. HP: 48/57 MP: 15/15
  7454 | D:6      | Reached skill level 5 in Air Magic
  7486 | D:6      | Reached skill level 7 in Conjurations
  7954 | D:6      | Found a runed translucent door.
  7955 | D:6      | Noticed jejorda2's ghost (novice HOMo)
  9010 | D:7      | Noticed Maggie
  9026 | D:7      | Reached * piety under Vehumet
  9026 | D:7      | Offered knowledge of Sandblast by Vehumet.
  9063 | D:7      | Killed Maggie
  9064 | D:7      | Reached skill level 8 in Conjurations
  9064 | D:7      | Reached XP level 9. HP: 54/62 MP: 14/17
  9066 | D:7      | Learned a level 1 spell: Sandblast
  9364 | D:2      | Killed Terence
  9676 | D:7      | Found a glowing golden altar of the Shining One.
  9747 | D:7      | Found a runed translucent gate.
  9747 | D:7      | Found an opulent altar of Gozag.
  9748 | D:7      | Found a runed translucent gate.
  9748 | D:7      | Found a runed translucent gate.
  9749 | D:7      | Noticed Supercliff's ghost (novice DECj)
  9888 | D:7      | HP: 3/62 [poisoned by a water moccasin]
  9889 | D:7      | HP: 1/62 [poisoned by a water moccasin]
  9889 | D:7      | Mangled by a water moccasin

Illustrated notes

Levels and vault maps discovered:
D:1:      onia_arrival_zoo_common, layout_basic,
          shapermc_ecumenical_altar_mp_ritualfount
D:2:      layout_loops_cross, uniq_sigmund, uniq_terence
D:3:      layout_rooms, kennysheep_vampire_church
D:4:      minmay_octagon_keep, layout_rooms, minmay_temple_entry_glass
D:5:      layout_loops_cross, serial_undead, serial_undead_e, serial_undead_d,
          serial_undead_c, serial_undead_f, serial_undead_b, serial_undead_d
D:6:      layout_basic, gammafunk_ghost_grave, lemuel_flamethrower_2
D:7:      layout_basic, mainiacjoe_overflow_concentric_impassable,
          ebering_ghost_gozag, moated_statue, uniq_maggie
Temple:   compressed_dpeg_circular_temple

Skill      XL: |  1  2  3  4  5  6  7  8  9 |
---------------+----------------------------+-----
Conjurations   | 2 3 4 5 6 8 |  8.0
Poison Magic   | 1 2 |  2.5
Air Magic      | 1 2 4 6 |  6.4
Spellcasting   | 4 5 6 |  6.0
Dodging        | |  1.7
Stealth        | |  1.7
Summonings     | |  1.0
Translocations | |  1.0
Earth Magic    | |  0.8

Action                   |  1- 3 |  4- 6 |  7- 9 || total
-------------------------+-------+-------+-------++-------
Melee: Dagger            |    35 |    33 |   567 ||   635
       Tailslap          |     3 |     4 |   120 ||   127
 Cast: Magic Dart        |    99 |   196 |     7 ||   302
       Mephitic Cloud    |       |     9 |    20 ||    29
       Blink             |       |       |     1 ||     1
       Sandblast         |       |       |     3 ||     3
 Abil: Breathe Frost     |       |       |     7 ||     7
  Use: Scroll            |       |       |    10 ||    10
       Potion            |       |       |     2 ||     2
 Stab: Sleeping          |     1 |       |     1 ||     2
       Confused          |       |     1 |    12 ||    13
Armor: Skin              |    33 |    14 |   218 ||   265
Dodge: Dodged            |    84 |    34 |   392 ||   510

Table legend: (Time is in decaauts)
 A = Elapsed time spent in this place.
 B = Non-inter-level travel time spent in this place.
 C = Inter-level travel time spent in this place.
 D = Time resting spent in this place.
 E = Time spent auto-exploring this place.
 F = Levels seen in this place.
 G = Mean time per level.
                   A        B        C        D        E       F      G
               +--------+--------+--------+--------+--------+-----+--------+
         Total |   9905 |   9177 |    728 |   1256 |   5705 |   8 | 1238.1 |
       Dungeon |   9799 |   9095 |    704 |   1256 |   5634 |   7 | 1399.9 |
        Temple |    106 |     83 |     23 |      0 |     71 |   1 |  106.0 |
               +--------+--------+--------+--------+--------+-----+--------+

Top non-repeatable levels by time:
     D:6: 1789 daAuts
     D:4: 1754 daAuts
     D:1: 1700 daAuts
     D:3: 1595 daAuts
     D:2: 1264 daAuts
     D:5: 1161 daAuts
     D:7: 534 daAuts
  Temple: 106 daAuts
